 Dungeon Crawl Stone Soup version 0.18.1-5-g4a78601 (webtiles) character file.

151 MDvedh the Cudgeler (level 5, -11/32 HPs)
             Began as a Gargoyle Fighter on May 9, 2016.
             Mangled by an ogre
             ... wielding a +0 giant spiked club
              (27 damage)
             ... on level 4 of the Dungeon.
             The game lasted 00:04:21 (2951 turns).

MDvedh the Cudgeler (Gargoyle Fighter)              Turns: 2951, Time: 00:04:22

Health: -11/32     AC: 14    Str: 25    XL:     5   Next: 33%
Magic:  5/5        EV:  5    Int:  9    God:
Gold:   154        SH:  9    Dex:  9    Spells: 0 memorised, 4 levels left

rFire  + . .     SeeInvis .     a - +0 flail
rCold  . . .     Gourm    +     x - +0 chain mail
rNeg   + . .     Faith    .     c - +0 shield
rPois  ∞         Spirit   .     u - +0 helmet
rElec  +         Dismiss  .     (no cloak)
rCorr  .         Reflect  .     (no gloves)
SustAt .         Harm     .     (no boots)
MR     .....                    k - amulet of the gourmand
Stlth  ..........               (no ring)
                                s - ring of protection from fire

@: mighty, not resistant to hostile enchantments, extremely unstealthy
A: negative energy resistance 1, electricity resistance, unbreathing,
petrification resistance, rot immunity, AC +4
a: no special abilities


You were on level 4 of the Dungeon.
You were full.

You visited 1 branch of the dungeon, and saw 4 of its levels.

You collected 154 gold pieces.

Inventory:

Hand Weapons
 a - a +0 flail (weapon)
Armour
 c - a +0 shield (worn)
 u - a +0 helmet (worn)
 x - a +0 chain mail (worn)
Jewellery
 k - an amulet of the gourmand (around neck)
 s - a ring of protection from fire (left hand)
Scrolls
 g - a scroll of remove curse {unknown}
 o - a scroll of teleportation
 q - a scroll of blinking {unknown}
 r - a scroll of fear {unknown}
 w - a scroll of magic mapping {unknown}
Potions
 b - a potion of beneficial mutation {unknown}
 e - 3 potions of curing
 j - 3 potions of haste
 l - a potion of mutation {unknown}
 m - a potion of heal wounds {unknown}
 p - 3 potions of flight {unknown}
Comestibles
 f - 4 bread rations
 h - 4 fruits
 i - 2 meat rations
 v - 2 beef jerkies


   Skills:
 - Level 3.2 Fighting
 + Level 5.3 Maces & Flails
 - Level 3.2 Armour
 - Level 3.2 Shields


You had 4 spell levels left.
You didn't know any spells.

Dungeon Overview and Level Annotations

Branches:
Dungeon (4/15)
 Temple: D:4-7

Altars:
Sif Muna
The Shining One


Innate Abilities, Weirdness & Mutations

You are resistant to torment.
Your stone body is resilient (AC +4).
You are immune to poison.
You resist negative energy.
You are resistant to electric shocks.
You can survive without breathing.
You are immune to petrification.
You are immune to rotting.


Message History

An ogre is nearby!
Drink which item? (? for menu, Esc to quit)
Okay, then.
Drink which item? (? for menu, Esc to quit)
You feel very mighty all of a sudden.
You start resting.
Your shield and chain mail prevent you from hitting the ogre.
The ogre hits you with a giant spiked club!
Ouch! That really hurt!
You sock the ogre!
The ogre is heavily wounded.
You block the ogre's attack.
You barely miss the ogre.
The ogre is heavily wounded.
You block the ogre's attack.
You hit the ogre.
The ogre is severely wounded.
The ogre hits you with a giant spiked club!!
Ouch! That really hurt!
You die...

#### ##
#..###.###
#........###
###@.....[..
##O...##.
........#......
........# .###.
...#...## ..
.?..... ..
.O.... #.
......# ..####


You could see an ogre.

Vanquished Creatures
  Ijyb (D:2)
  Terence (D:2)
  A hound skeleton (D:4)
  Robin (D:3)
  A worm (D:2)
  A dart slug (D:2)
  A giant gecko (D:1)
  4 orcs
  8 bats
  16 goblins
  5 hobgoblins
  4 jackals
  A ball python (D:3)
  5 giant newts
  11 kobolds
  6 rats
67 creatures vanquished.

Notes
Turn   | Place    | Note
--------------------------------------------------------------
     0 | D:1      | MDvedh the Gargoyle Fighter began the quest for the Orb.
     0 | D:1      | Reached XP level 1. HP: 14/14 MP: 1/1
   161 | D:1      | Reached XP level 2. HP: 18/19 MP: 2/2
   337 | D:1      | Reached skill level 3 in Maces & Flails
   662 | D:1      | Reached XP level 3. HP: 23/23 MP: 3/3
   912 | D:2      | Noticed Ijyb
   921 | D:2      | Killed Ijyb
   921 | D:2      | Reached skill level 4 in Maces & Flails
   961 | D:2      | Noticed Terence
   978 | D:2      | Killed Terence
   978 | D:2      | Reached XP level 4. HP: 25/28 MP: 4/4
  1404 | D:2      | Found a deep blue altar of Sif Muna.
  2164 | D:3      | Noticed an orc warrior
  2275 | D:3      | Noticed Robin
  2298 | D:3      | Killed Robin
  2298 | D:3      | Reached skill level 5 in Maces & Flails
  2298 | D:3      | Reached XP level 5. HP: 27/32 MP: 5/5
  2629 | D:3      | Found a glowing golden altar of the Shining One.
  2942 | D:4      | Noticed an ogre
  2951 | D:4      | Mangled by an ogre

Skill      XL: |  1  2  3  4 |
---------------+-------------+-----
Maces & Flails | 3 4 5 |  5.3
Fighting       | |  3.2
Armour         | |  3.2
Shields        | |  3.2

Action                   |  1- 3 |  4- 6 || total
-------------------------+-------+-------++-------
Melee: Flail             |    85 |   168 ||   253
  Use: Scroll            |       |     3 ||     3
       Potion            |       |     1 ||     1
  Eat: Chunk             |       |    11 ||    11
       Pizza             |       |     1 ||     1
Armor: Scale mail        |    39 |    72 ||   111
       Chain mail        |       |    14 ||    14
Dodge: Dodged            |    31 |    49 ||    80
Block: Shield            |    37 |    80 ||   117
